 Dungeon Crawl Stone Soup version 0.30.0-16-gbe6223bb7e (webtiles) character file.

Game seed: 8070980964230825941

163685 Diggabert the Sorcerer (level 17, -10/99 HPs)
             Began as a Deep Elf Conjurer on May 20, 2023.
             Was the Champion of Vehumet.
             Mangled by an emperor scorpion (24 damage)
             ... on level 4 of the Spider Nest.
             The game lasted 02:56:55 (38444 turns).

Diggabert the Sorcerer (Deep Elf Conjurer)         Turns: 38444, Time: 02:56:56

Health: -10/99     AC: 11    Str:  4    XL:     17   Next: 24%
Magic:  28/47      EV: 18    Int: 32    God:    Vehumet [******]
Gold:   3266       SH: 13    Dex: 21    Spells: 19/64 levels left

rFire   + + .        C - staff of conjuration "Nuggyibu" {rPois}
rCold   + + .        G - +2 buckler {rC+}
rNeg    . . .        K - +3 leather armour {rC+ rF+}
rPois   +            c - +0 helmet
rElec   .            V - +0 cloak
rCorr   .            Q - +0 pair of gloves
SInv    .            M - +1 pair of boots
Will    ++...        F - amulet of reflection
Stlth   ++           A - ring of protection from cold
HPRegen 0.36/turn    U - ring "Niall" {Fire Will+ Dex+8}
MPRegen 0.30/turn

%: reflection
@: no status effects
A: no striking features
a: Renounce Religion


You were on level 4 of the Spider Nest.
You worshipped Vehumet.
Vehumet was exalted by your worship.
You visited 5 branches of the dungeon, and saw 27 of its levels.
You also visited: Bailey and Ice Cave.

You collected 3482 gold pieces.
You spent 216 gold pieces at shops.

Inventory:

Hand Weapons
 R - the +9 rapier of Paaloih {holy, +Blink rF++ Str-3 Stlth+}
   (You found it in a bailey)

   Str:       It affects your strength (-3).
   rF:        It greatly protects you from fire.
   +Blink:    It lets you blink.
   Stlth:     It makes you more stealthy.
 Y - a +2 rapier of distortion
Missiles
 D - 3 boomerangs of dispersal
 N - a throwing net
Armour
 c - a +0 helmet (worn)
 r - a +2 tower shield of cold resistance
 B - a +0 troll leather armour
 G - a +2 buckler of cold resistance (worn)
 K - a +3 leather armour of resistance (worn)
 M - a +1 pair of boots (worn)
 Q - a +0 pair of gloves (worn)
 V - a +0 cloak (worn)
 X - a +0 hat
Magical Staves
 C - the staff of conjuration "Nuggyibu" (weapon) {rPois}
   (You acquired it on level 8 of the Dungeon)

   [staff of conjuration]

   Base accuracy: +5 Base damage: 5 Base attack delay: 1.2 This weapon's minimum
   attack delay (0.6) is reached at skill level 12.
   rPois:     It protects you from poison.
   It falls into the 'Staves' category.
   It is a one-handed weapon.
Jewellery
 p - a ring of fire
 w - a ring of protection from cold
 A - a ring of protection from cold (left hand)
 F - an amulet of reflection (around neck)
 J - a ring of resist corrosion
 U - the ring "Niall" (right hand) {Fire Will+ Dex+8}
   (You found it on level 4 of the Lair of Beasts)

   [ring of fire]

   It enhances your fire magic.
   Dex:       It affects your dexterity (+8).
   rF:        It protects you from fire.
   rC:        It makes you vulnerable to cold.
   Will:      It increases your willpower.
Wands
 O - a wand of digging (4)
Scrolls
 d - 2 scrolls of vulnerability
 h - 5 scrolls of enchant armour
 i - 4 scrolls of immolation
 n - 10 scrolls of noise
 o - 5 scrolls of amnesia
 q - a scroll of torment
 t - 13 scrolls of teleportation
 u - 3 scrolls of magic mapping
 x - 3 scrolls of fear
 y - 5 scrolls of identify
 E - 2 scrolls of brand weapon
 I - a scroll of silence
 L - 4 scrolls of enchant weapon
 S - 9 scrolls of poison
 Z - 3 scrolls of fog
Potions
 a - 2 potions of resistance
 b - 2 potions of magic
 e - 15 potions of curing
 f - 3 potions of cancellation
 g - 6 potions of heal wounds
 j - 4 potions of berserk rage
 k - 4 potions of brilliance
 l - 4 potions of flight
 m - 2 potions of invisibility
 s - a potion of mutation
 v - 2 potions of attraction
 z - 3 potions of haste
 P - 4 potions of ambrosia
 T - a potion of might
Miscellaneous
 W - a phantom mirror


   Skills:
 * Level 8.7 Fighting
 * Level 12.6 Dodging
 - Level 2.4 Stealth
 - Level 4.0 Shields
 * Level 24.0 Spellcasting
 * Level 19.4 Conjurations
 * Level 13.4 Hexes
 - Level 4.0 Fire Magic


You had 19 spell levels left.
You knew the following spells:

 Your Spells              Type           Power      Damage    Failure   Level
a - Magic Dart            Conj           100%       1d8       0%          1
b - Searing Ray           Conj           100%       2d8       0%          2
c - Dazzling Flash        Conj/Hex       100%       N/A       0%          3
d - Fulminant Prism       Conj/Hex       60%        3d26      1%          4
e - Iskenderun's Mystic   Conj/Tloc      100%       2d19      1%          4
f - Tukima's Dance        Hex            90%        N/A       1%          3
g - Spellforged Servitor  Conj/Summ      50%        N/A       11%         7
h - Swiftness             Air            38%        N/A       7%          3
i - Fireball              Conj/Fire      65%        3d25      1%          5
j - Orb of Destruction    Conj           63%        9d15      1%          7
k - Starburst             Conj/Fire      65%        6d17      1%          6

Your spell library contained the following spells:

 Spells                   Type           Power      Damage    Failure   Level
 Lehudib's Crystal Spear  Conj/Erth      50%        10d12     56%         8
 Kiss of Death            Conj/Necr      100%       2d13      1%          1
 Ensorcelled Hibernation  Hex/Ice        100%       N/A       1%          2
 Confusing Touch          Hex            90%        N/A       1%          3
 Hailstorm                Conj/Ice       100%       3d20      1%          3
 Ignite Poison            Fire/Tmut/Pois 63%        N/A       1%          3
 Portal Projectile        Hex/Tloc       100%       N/A       1%          3
 Flame Wave               Conj/Fire      100%       2d21      1%          4
 Sticky Flame             Conj/Fire      100%       2d11      1%          4
 Conjure Ball Lightning   Conj/Air       50%        3x3d17    1%          6
 Passwall                 Tmut/Erth      31%        N/A       3%          2
 Metabolic Englaciation   Hex/Ice        34%        N/A       4%          5
 Silence                  Hex/Air        34%        N/A       4%          5
 Dispel Undead            Necr           38%        3d16      24%         4
 Ice Form                 Ice/Tmut       38%        N/A       24%         4
 Petrify                  Tmut/Erth      38%        N/A       24%         4
 Plasma Beam              Fire/Air       33%        2x1d51    36%         6
 Agony                    Necr           38%        N/A       54%         5
 Blade Hands              Tmut           19%        N/A       54%         5
 Summon Forest            Summ/Tloc      19%        N/A       54%         5
 Discord                  Hex            45%        N/A       54%         8
 Simulacrum               Ice/Necr       19%        N/A       98%         6
 Statue Form              Tmut/Erth      25%        N/A       98%         6
 Ignition                 Fire           38%        3d11      99%         8
 Disjunction              Tloc           19%        N/A       100%        8


Dungeon Overview and Level Annotations

Branches:
Dungeon (15/15)            Temple (1/1) D:6            Lair (5/5) D:9
  Swamp (0/4) Lair:3       Spider (4/4) Lair:2        Slime (0/5) Lair:4
    Orc (2/2) D:11            Elf (0/3) Orc:2        Vaults (0/5) D:13
 Depths (0/4) D:15         Bailey (visited)           IceCv (visited)

Altars:
Ashenzari
Cheibriados
Dithmenos
Elyvilon
Fedhas
Gozag
Hepliaklqana
Makhleb
Nemelex Xobeh
Okawaru
Qazlal
Ru
Sif Muna
Trog
Uskayaw
Vehumet
Wu Jian
Xom
Yredelemnul
Zin
Jiyva
Lugonu

Shops:
D:5 (   Orc:1 (   Orc:2 (!=(

Portals:
Abyss: Lair:5


Message History

The steelbarb worm is moderately wounded.
The steelbarb worm is knocked back by the mystic blast.
The mystic blast hits the emperor scorpion!
The emperor scorpion is severely wounded.
The emperor scorpion is knocked back by the mystic blast.
The emperor scorpion slams into the rock wall!
The emperor scorpion is severely wounded.
The mystic blast hits the emperor scorpion.
The emperor scorpion is moderately wounded.
The emperor scorpion is knocked back by the mystic blast.
The emperor scorpion slams into the rock wall!
You block the emperor scorpion's attack. x2
The emperor scorpion misses you.
Unknown command.
Unknown command.
Casting: Iskenderun's Mystic Blast (safe; 1% risk of failure)
Confirm with . or Enter, or press ? or * to list all spells.
You feel a surge of power!
You erupt in a blast of force!
The mystic blast hits the emperor scorpion!
The emperor scorpion is almost dead.
The mystic blast hits the emperor scorpion but does no damage.
The emperor scorpion is moderately wounded.
You block the emperor scorpion's attack.
The emperor scorpion claws you but does no damage.
The emperor scorpion claws you.
* * * LOW HITPOINT WARNING * * *
You block the emperor scorpion's attack. x2
The emperor scorpion closely misses you.
Unknown command.
Casting: Iskenderun's Mystic Blast (safe; 1% risk of failure)
Confirm with . or Enter, or press ? or * to list all spells.
You feel a surge of power!
You erupt in a blast of force!
The mystic blast hits the emperor scorpion!!
You kill the emperor scorpion!
Vehumet accepts your kill.
You feel your power returning.
The mystic blast hits the emperor scorpion.
The emperor scorpion is moderately wounded.
The emperor scorpion stings you!!
You die...

######## ####### ###.^.#.^#
#.....# #.^#....### ##....#
##...##...# ##.#..###
#....^..###### ##.......#
##..#....^.#.s###..##..^##
#^....##...#..@###^...^^.#
###.....^##..#^#.#....##### #
####....^.^.....#...#..^# #
#.....#......##.....### ####
##...#.#w.#.#####...#.# # ##^##
#.....#..##...##......# #
#...#####...#.^..)...######..####
##..##..#^#....##..#...#^.#....##
....#.#.#....^..#^##........^^.#.


You could see an emperor scorpion and a steelbarb worm.

Vanquished Creatures
  A lich (IceCv)
  Roxanne (Spider:3)
  An orc warlord (Orc:1)
  6 emperor scorpions
  2 very ugly things (IceCv)
  A stone giant (D:15)
  A broodmother (Spider:4)
  Azrael (D:13)
  The ghost of Nyzic the Grappler, a journeyman TrMo (Lair:4)
  A spark wasp (Spider:2)
  Josephine (Spider:1)
  The ghost of Firecrotchwizard the Severer, a journeyman HOMo of Beogh (D:10)
  3 hydras
  A rakshasa (D:15)
  2 entropy weavers (Spider:4)
  A jorogumo (Spider:2)
  Erolcha (D:11)
  3 catoblepae
  3 radroaches
  4 centaur warriors
  9 boulder beetles
  8 two-headed ogres
  6 death yaks (Lair:4)
  6 tengu warriors
  4 thrashing horrors (Lair:5)
  An orc high priest (Orc:1)
  2 skysharks
  A fire crab (Lair:5)
  Nergalle (D:12)
  Lodul (D:13)
  2 sun moths (Spider:3)
  9 pharaoh ants
  7 orb spiders
  2 spriggan simulacra (IceCv)
  An obsidian statue (IceCv)
  An orange crystal statue (D:14)
  Pikel (D:7)
  6 orc knights
  3 bog bodies (IceCv)
  A necromancer (IceCv)
  3 wizards
  2 deep elf pyromancers
  8 steelbarb worms
  13 wolf spiders
  4 manticores
  An oklob plant (Orc:1)
  15 ugly things
  5 cyclopes
  6 moths of wrath
  3 black mambas
  14 elephants
  Joseph (D:9)
  2 torpor snails (Spider:4)
  A smoke demon (Lair:5)
  6 demonic crawlers
  A gargoyle (D:13)
  11 cane toads
  7 rime drakes
  2 kobold demonologists
  An efreet (D:14)
  5 komodo dragons
  A golden dragon simulacrum (IceCv)
  17 freezing wraiths
  5 anaconda simulacra (IceCv)
  An ice devil (IceCv)
  2 polar bears
  An ancient zyme (Lair:5)
  6 meliai
  3 trolls
  23 tarantellas
  10 blink frogs
  23 jumping spiders
  2 large abominations (Lair:5)
  3 slime creatures (D:12)
  A centaur simulacrum (D:14)
  A spriggan (Lair:5)
  A vampire (D:12)
  20 culicivoras
  4 shadows (D:11)
  3 dancing weapons
  4 wraiths
  2 ynoxinuls (Lair:5)
  A dire elephant simulacrum (IceCv)
  Eustachio (D:4)
  6 fire elementals
  11 small abominations (Lair:5)
  6 basilisks
  2 wyverns
  23 yaks
  68 redbacks
  4 chaos spawn
  A death yak simulacrum (Lair:4)
  2 steam dragons
  19 vampire mosquitoes
  4 harpy simulacra (IceCv)
  3 minotaur simulacra (IceCv)
  4 wargs
  A swamp worm (Lair:3)
  A hydra simulacrum (IceCv)
  16 water moccasins
  A hell hound (D:13)
  2 black bears
  An ice beast (D:5)
  44 orc warriors
  14 ogres
  5 alligator simulacra (IceCv)
  A boulder beetle simulacrum (Lair:4)
  4 ettin simulacra (IceCv)
  37 wolves
  A black mamba simulacrum (Lair:4)
  11 centaurs
  A lemure (D:7)
  2 phantoms
  8 kobold brigands
  9 bullfrogs
  A scorpion (D:6)
  A gnoll sergeant (D:10)
  A wight (D:7)
  An elephant simulacrum (Lair:4)
  2 lindwurm simulacra (IceCv)
  2 troll zombies (D:11)
  A dream sheep simulacrum (Lair:4)
  11 howler monkeys
  2 lava snakes (D:14)
  6 jellies
  14 orc priests
  A hound (D:4)
  3 iguanas
  A hell rat (Lair:2)
  19 orc wizards
  5 ogre zombies (D:11)
  5 gnolls (D:10)
  6 adders
  6 shadow imps
  6 white imps
  7 ufetubi (D:5)
  A worm (D:3)
  3 dart slugs
  74 orcs
  6 ball pythons
  6 endoplasms
  3 giant cockroaches
  5 hobgoblins
  3 jackals (D:3)
  7 quokkas
  6 bats
  2 frilled lizards (D:3)
  9 goblins
  6 goblin skeletons (D:11)
  3 goblin zombies (D:11)
  A hobgoblin skeleton (D:11)
  A hobgoblin zombie (D:11)
  21 kobolds
  2 orc skeletons (D:11)
  11 orc zombies (D:11)
  3 rats
940 creatures vanquished.

Vanquished Creatures (collateral kills)
  A centaur warrior (D:15)
  An ogre (Orc:2)
  An ogre zombie (D:11)
  A hobgoblin skeleton (D:11)
4 creatures vanquished.

Vanquished Creatures (others)
  191 fulminant prisms
191 creatures vanquished.

Grand Total: 1135 creatures vanquished

Notes
Turn   | Place    | Note
-------+----------+-------------------------------------------
     0 | D:1      | Diggabert the Deep Elf Conjurer began the quest for the
                  | Orb.
     0 | D:1      | Reached XP level 1. HP: 10/10 MP: 6/6
   268 | D:1      | Reached XP level 2. HP: 15/15 MP: 5/8
   271 | D:1      | Learned a level 2 spell: Searing Ray
   892 | D:2      | Reached skill level 5 in Conjurations
  1314 | D:3      | Found a shimmering altar of Xom.
  1346 | D:3      | Reached XP level 3. HP: 19/19 MP: 6/9
  1352 | D:3      | Learned a level 3 spell: Dazzling Flash
  1491 | D:3      | Found a sparkling altar of Nemelex Xobeh.
  1532 | D:3      | Found a basalt altar of Yredelemnul.
  2500 | D:4      | Noticed a phantom
  2506 | D:4      | Killed a phantom
  2507 | D:4      | Reached skill level 4 in Spellcasting
  2507 | D:4      | Reached XP level 4. HP: 23/24 MP: 2/12
  2507 | D:4      | Reached XP level 5. HP: 27/28 MP: 2/13
  2512 | D:4      | Learned a level 4 spell: Fulminant Prism
  2701 | D:4      | Reached skill level 1 in Fighting
  3131 | D:4      | Noticed Eustachio
  3278 | D:4      | Reached XP level 6. HP: 34/34 MP: 9/15
  3323 | D:4      | Learned a level 4 spell: Iskenderun's Mystic Blast
  3554 | D:4      | Killed Eustachio
  3555 | D:4      | Reached skill level 5 in Spellcasting
  3555 | D:4      | Reached skill level 1 in Hexes
  3927 | D:5      | Entered Level 5 of the Dungeon
  3931 | D:5      | Found a sacrificial altar of Ru.
  4327 | D:5      | Reached XP level 7. HP: 36/39 MP: 10/17
  4342 | D:5      | Reached skill level 6 in Spellcasting
  4417 | D:5      | Found a white marble altar of Elyvilon.
  4648 | D:5      | Found Jaimeask's Weapon Shop.
  4980 | D:5      | Reached skill level 7 in Spellcasting
  5368 | D:6      | Reached XP level 8. HP: 42/44 MP: 11/21
  5435 | D:6      | You fall into a shaft and drop 2 floors!
  5598 | D:6      | Found a staircase to the Ecumenical Temple.
  5604 | Temple   | Entered the Ecumenical Temple
  5640 | Temple   | Became a worshipper of Vehumet
  5879 | D:6      | Noticed a two-headed ogre
  5889 | D:6      | Killed a two-headed ogre
  5890 | D:6      | Reached skill level 1 in Shields
  5890 | D:6      | Reached skill level 8 in Spellcasting
  5896 | D:6      | Reached skill level 9 in Spellcasting
  6269 | D:6      | Learned a level 3 spell: Tukima's Dance
  6446 | D:6      | Reached XP level 9. HP: 40/49 MP: 18/24
  6864 | D:7      | Noticed a kobold demonologist
  6864 | D:7      | Noticed a troll
  6872 | D:7      | Killed a troll
  6873 | D:7      | Reached skill level 5 in Dodging
  6875 | D:7      | Killed a kobold demonologist
  6876 | D:7      | Reached skill level 10 in Spellcasting
  7039 | D:7      | Noticed a purple ugly thing
  7085 | D:7      | Killed a purple ugly thing
  7187 | D:7      | Reached skill level 10 in Conjurations
  7351 | D:7      | Noticed a cyclops
  7362 | D:7      | Killed a cyclops
  7363 | D:7      | Reached skill level 11 in Spellcasting
  7363 | D:7      | Reached skill level 5 in Hexes
  7492 | D:7      | Noticed Pikel
  7501 | D:7      | Killed Pikel
  7502 | D:7      | Reached XP level 10. HP: 51/56 MP: 10/27
  7777 | D:7      | Identified a scroll of acquirement
  7788 | D:7      | Acquired the Incunabulum of Productive Oxidation
  7798 | D:7      | Learned a level 7 spell: Spellforged Servitor
  7921 | D:7      | Reached * piety under Vehumet
  7921 | D:7      | Offered knowledge of Shock by Vehumet.
  8790 | D:8      | Found a burning altar of Makhleb.
  8797 | D:8      | Found a bloodstained altar of Trog.
  8946 | D:8      | Noticed a two-headed ogre
  8959 | D:8      | Killed a two-headed ogre
  9088 | D:8      | Found an ornate altar of the Wu Jian Council.
  9092 | D:8      | Acquired the staff of conjuration "Nuggyibu" {rPois}
  9363 | D:9      | Reached skill level 12 in Spellcasting
  9403 | D:9      | Found a staircase to the Lair.
  9467 | D:9      | Noticed Joseph
  9581 | D:9      | Killed Joseph
 10267 | D:9      | Noticed a smoke demon
 10655 | D:10     | Entered Level 10 of the Dungeon
 10832 | D:10     | Found a flagged portal.
 10843 | Bailey   | Entered a bailey
 10865 | Bailey   | Offered knowledge of Scorch by Vehumet.
 10880 | Bailey   | Reached ** piety under Vehumet
 11030 | Bailey   | Identified the +9 rapier of Paaloih {holy, +Blink rF++
                  | Str-3 Stlth+}
 11041 | Bailey   | Noticed an orc knight
 11047 | Bailey   | Reached skill level 13 in Spellcasting
 11047 | Bailey   | Reached XP level 11. HP: 61/61 MP: 21/30
 11056 | Bailey   | Killed an orc knight
 11133 | Bailey   | Found a burning altar of Makhleb.
 11418 | D:10     | Noticed a two-headed ogre
 11419 | D:10     | Noticed a two-headed ogre
 11420 | D:10     | Noticed Firecrotchwizard's ghost (journeyman HOMo)
 11420 | D:10     | Noticed a two-headed ogre
 11421 | D:10     | Found a bloodstained altar of Trog.
 11429 | D:10     | Found a transporter.
 11429 | D:10     | Noticed a two-headed ogre
 11433 | D:10     | Noticed a tengu warrior
 11438 | D:10     | Found a transporter.
 11854 | D:11     | Noticed a boulder beetle
 11885 | D:11     | Killed a boulder beetle
 12238 | D:11     | Offered knowledge of Mephitic Cloud by Vehumet.
 12339 | D:11     | Reached *** piety under Vehumet
 12450 | D:11     | Found a staircase to the Orcish Mines.
 12494 | D:11     | Noticed a brown ugly thing
 12506 | D:11     | Killed a brown ugly thing
 12685 | D:11     | Noticed Erolcha
 12691 | D:11     | Killed Erolcha
 12696 | D:11     | Reached skill level 14 in Spellcasting
 12813 | D:11     | Noticed a two-headed ogre
 12833 | D:11     | Killed a two-headed ogre
 12845 | D:11     | Offered knowledge of Ignite Poison by Vehumet.
 12850 | D:11     | Learned a level 3 spell: Swiftness
 12941 | D:11     | Noticed a two-headed ogre
 12966 | D:11     | Killed a two-headed ogre
 13293 | D:9      | Upgraded the game from 0.30.0-15-g856e2d3f33 to
                  | 0.30.0-16-gbe6223bb7e
 13294 | Lair:1   | Entered Level 1 of the Lair of Beasts
 13908 | Lair:1   | You fall into a shaft and drop 1 floor!
 13996 | Lair:2   | Reached skill level 5 in Fighting
 13996 | Lair:2   | Reached skill level 15 in Spellcasting
 13996 | Lair:2   | Reached XP level 12. HP: 68/68 MP: 21/33
 14169 | Lair:2   | Reached **** piety under Vehumet
 14182 | Lair:2   | Offered knowledge of Airstrike by Vehumet.
 14544 | Lair:2   | Found a hole to the Spider Nest.
 15071 | Lair:2   | Reached skill level 16 in Spellcasting
 16237 | Lair:3   | Noticed a six-headed hydra
 16336 | Lair:3   | Killed a six-headed hydra
 16343 | Lair:3   | Reached ***** piety under Vehumet
 16816 | Lair:3   | Reached XP level 13. HP: 57/74 MP: 14/35
 16986 | Lair:3   | Offered knowledge of Fireball by Vehumet.
 16993 | Lair:3   | Learned a level 5 spell: Fireball
 17014 | Lair:3   | Reached skill level 17 in Spellcasting
 17130 | Lair:3   | Identified the +7 chain mail "Damnable Contraption" {rElec
                  | SInv}
 17258 | Lair:3   | Found a staircase to the Swamp.
 17822 | Lair:4   | Reached skill level 10 in Hexes
 18081 | Lair:4   | Found a runed translucent gate.
 18081 | Lair:4   | Found a runed translucent gate.
 18081 | Lair:4   | Found a runed translucent gate.
 18104 | Lair:4   | Found a runed translucent door.
 18104 | Lair:4   | Found a viscous altar of Jiyva.
 18105 | Lair:4   | Found a staircase to the Slime Pits.
 18826 | Lair:4   | Noticed Nyzic's ghost (journeyman TrMo)
 19360 | Lair:4   | Killed Nyzic's ghost
 19361 | Lair:4   | Reached skill level 1 in Fire Magic
 19428 | Lair:4   | Got the ring "Niall" {Fire Will+ Dex+8}
 19434 | Lair:4   | Identified the +6 falchion "Voaruoro" {flame, rCorr}
 19527 | Lair:5   | Entered Level 5 of the Lair of Beasts
 19539 | Lair:5   | Reached skill level 18 in Spellcasting
 19793 | Lair:5   | Found a hide-covered altar of Uskayaw.
 20147 | Lair:5   | Reached skill level 15 in Conjurations
 21038 | Lair:5   | Reached XP level 14. HP: 65/80 MP: 11/38
 21165 | Lair:5   | Offered knowledge of Ozocubu's Refrigeration by Vehumet.
 21333 | Lair:5   | Identified the +0 leather armour of Soft Amelioration {Harm
                  | Fly Will-}
 21582 | Lair:5   | Found a corrupted altar of Lugonu.
 21582 | Lair:5   | Found a one-way gate to the infinite horrors of the Abyss.
 21585 | Lair:5   | Reached skill level 10 in Dodging
 22209 | D:10     | Reached skill level 19 in Spellcasting
 22331 | D:10     | Killed Firecrotchwizard's ghost
 22526 | Orc:1    | Entered Level 1 of the Orcish Mines
 22682 | Orc:1    | Found a shimmering altar of Xom.
 22717 | Orc:1    | Found Fexea's Antique Weapon Shoppe.
 22770 | Orc:2    | Entered Level 2 of the Orcish Mines
 23713 | Orc:1    | Noticed an orc warlord
 23919 | Orc:1    | Killed an orc warlord
 24970 | Orc:2    | Found Attegan's Antique Weapon Boutique.
 24970 | Orc:2    | Found Pomagesm's Distillery.
 25296 | Orc:2    | Found a staircase to the Elven Halls.
 25335 | Orc:2    | Offered knowledge of Yara's Violent Unravelling by Vehumet.
 25758 | Orc:2    | Found Ufuoxed's Jewellery Boutique.
 25758 | Orc:2    | Found Orodeneth's Weapon Emporium.
 25839 | Orc:2    | Bought a potion of invisibility for 96 gold pieces
 25839 | Orc:2    | Bought a potion of resistance for 120 gold pieces
 25934 | D:12     | Noticed Nergalle
 25940 | D:12     | Killed Nergalle
 26802 | D:13     | Reached skill level 20 in Spellcasting
 26814 | D:13     | Noticed Lodul
 26817 | D:13     | Killed Lodul
 26973 | D:13     | Noticed Azrael
 26986 | D:13     | Killed Azrael
 27334 | D:13     | Reached XP level 15. HP: 86/86 MP: 34/41
 27783 | D:13     | Found a gate to the Vaults.
 29167 | D:14     | Offered knowledge of Orb of Destruction by Vehumet.
 29293 | D:14     | Learned a level 7 spell: Orb of Destruction
 29317 | D:15     | Entered Level 15 of the Dungeon
 29505 | D:15     | Found a frozen archway.
 29514 | IceCv    | Entered an ice cave
 29719 | IceCv    | Reached skill level 21 in Spellcasting
 29912 | IceCv    | Found an ancient bone altar of Kikubaaqudgha.
 30198 | IceCv    | Noticed a lich
 30202 | IceCv    | Killed a lich
 30980 | D:15     | Found a staircase to the Depths.
 31794 | Spider:1 | Entered Level 1 of the Spider Nest
 31871 | Spider:1 | Reached XP level 16. HP: 92/92 MP: 6/43
 32117 | Spider:1 | Noticed Josephine
 32119 | Spider:1 | Offered knowledge of Starburst by Vehumet.
 32126 | Spider:1 | Killed Josephine
 32127 | Spider:1 | Reached skill level 22 in Spellcasting
 32294 | Spider:1 | Learned a level 6 spell: Starburst
 34937 | Spider:3 | Offered knowledge of Eringya's Noxious Bog by Vehumet.
 35248 | Spider:3 | Noticed Roxanne
 35268 | Spider:3 | Killed Roxanne
 35275 | Spider:3 | Reached skill level 23 in Spellcasting
 36309 | Spider:4 | Entered Level 4 of the Spider Nest
 36311 | Spider:4 | Offered knowledge of Lehudib's Crystal Spear by Vehumet.
 36484 | Spider:4 | Reached ****** piety under Vehumet
 37011 | Spider:4 | Reached XP level 17. HP: 99/99 MP: 38/46
 38058 | Spider:4 | Reached skill level 24 in Spellcasting
 38444 | Spider:4 | Mangled by an emperor scorpion

Illustrated notes

Levels and vault maps discovered:
D:1:      psy_arrival_whirlpool, layout_loops_ring
D:2:      layout_rooms, feat_on_display
D:3:      wad_woods_pond, layout_loops_ring, xom_butterflies,
          nemelex_spade_bored_becter, lemuel_crystal_altar, grunt_ministairs_2,
          chequers_serial_rivers_micro_b
D:4:      layout_basic, uniq_eustachio
D:5:      corexii_shack_village, layout_basic, elyvilon_altar_5,
          nicolae_ru_awakened_eye, serial_shops, shop_statue, serial_demonic,
          serial_demonic_c, serial_demonic_c, serial_demonic_b,
          serial_demonic_b, serial_demonic_g, serial_demonic_d,
          serial_demonic_g, serial_demonic_f
D:6:      layout_gridville, minmay_temple_entry_hall
D:7:      layout_loops_corners, minivault_26, minmay_shattered_shrine,
          uniq_pikel
D:8:      layout_loops_ring, mainiacjoe_overflow_alcove_1, minitemple
D:9:      layout_basic, david_lair_shrubbed, hex_tiny, uniq_joseph
D:10:     layout_irregular_city, enter_bailey_6, serial_glass, glass_columns_a,
          glass_columns_a, gammafunk_ghost_wrathful_warriors
D:11:     layout_rooms, zombieorc2_lemuel, uniq_erolcha
D:12:     layout_rooms, bh_walls_and_bars, uniq_nergalle
D:13:     layout_stronghold, erik_vaults_1, uniq_lodul, uniq_azrael
D:14:     layout_roguey, chequers_serial_rivers_micro_a, disabler_island
D:15:     grunt_enter_depths_snipers, layout_irregular_city,
          portal_ice_cave_entry_frozen_things
Temple:   compressed_dpeg_circular_temple
Lair:1:   layout_long_grid, beast_lair_carwin_2
Lair:2:   layout_cave_pods, nicolae_spider_entry_tight_spaces,
          grunt_forest_small_clearings, grunt_forest_large_clearings,
          lemuel_fruit_tree, serial_bayou_shore_a
Lair:3:   layout_layer_cave, minmay_swamp_entry_worms,
          lightli_volcano_entry_magma_tube, minivault_23,
          infiniplex_staircase_pool_2, grunt_megastairs_3
Lair:4:   layout_layer_cave, slime_entry_2, gammafunk_ghost_icy
Lair:5:   hellmonk_lair_end_abyssal_woods, layout_gridlike, basic_altar
Spider:1: layout_spider_delve, nicolae_spider_twisty_arc_passages,
          uniq_josephine
Spider:2: layout_cave_pods
Spider:3: layout_spider_delve, uniq_roxanne
Spider:4: grunt_spider_rune_circles, hellmonk_test_site
Orc:1:    layout_caves, basic_altar, serial_shops, nicolae_shop_tiny_waterfront,
          mines3_lemuel
Orc:2:    st_orc_town, layout_caves

Skill      XL: |  1  2  3  4  5  6  7  8  9 10 11 12 13 14 15 16 17 |
---------------+----------------------------------------------------+-----
Conjurations   | 5 6 7 8 9 10 11 12 13 15 16 17 19 | 19.4
Dodging        | 3 4 5 6 7 8 9 10 11 12 | 12.6
Spellcasting   | 4 5 7 9 11 13 15 16 18 20 21 23 24 | 24.0
Fighting       | 1 2 3 4 5 6 7 8 |  8.7
Hexes          | 1 2 3 5 6 8 9 10 11 12 13 | 13.4
Shields        | 1 2 3 4 |  4.0
Fire Magic     | 2 4 |  4.0
Stealth        | |  2.4

Action                     |  1- 3 |  4- 6 |  7- 9 | 10-12 | 13-15 | 16-18 || total
---------------------------+-------+-------+-------+-------+-------+-------++-------
  Melee: Dagger            |     6 |     4 |    14 |       |       |       ||    24
         Staff             |       |       |       |     4 |     2 |     7 ||    13
   Cast: Magic Dart        |    57 |    73 |    83 |   224 |   111 |     6 ||   554
         Searing Ray       |    11 |    19 |    31 |    72 |    38 |     6 ||   177
         Fulminant Prism   |       |     5 |    15 |   101 |    53 |    18 ||   192
         Dazzling Flash    |       |     1 |       |       |       |     1 ||     2
         Iskenderun's Myst |       |       |     3 |    48 |   114 |    73 ||   238
         Tukima's Dance    |       |       |       |     8 |     7 |       ||    15
         Fireball          |       |       |       |       |   288 |   154 ||   442
         Orb of Destructio |       |       |       |       |    26 |    36 ||    62
         Starburst         |       |       |       |       |       |    33 ||    33
    Use: Scroll            |     4 |     2 |     4 |    10 |    10 |     2 ||    32
         Potion            |       |       |       |       |     1 |     1 ||     2
 Armour: Robe              |     2 |     7 |     7 |       |       |       ||    16
         Steam dragon scal |       |       |       |    13 |    19 |       ||    32
         Leather armour    |       |       |       |       |     2 |    40 ||    42
  Dodge: Dodged            |     7 |    38 |    21 |    37 |   102 |    80 ||   285
  Block: Buckler           |       |       |    15 |    46 |    87 |    93 ||   241
         Reflection        |       |       |     5 |     8 |    16 |     1 ||    30
